TOP OF THE 1ST |
Asheville Highlanders batting - Pitching for Myrtle Beach Mermen : RHP Jorge Vázquez
|
Pitching: RHP Jorge Vázquez
|
|
Batting: RHB Juan Jose Ayala
|
0-0: Swinging Strike 0-1: Fly out, F9 (Line Drive, 89M)
|
Batting: LHB Víctor Robledo
|
0-0: SINGLE (Line Drive, 89S)
|
Batting: RHB Bryce Bancroft
|
0-0: Called Strike 0-1: Foul Ball, location: 2F 0-2: Ball 1-2: Strikes out swinging
|
Batting: RHB Marcos Calderón
|
0-0: Ball 1-0: Called Strike 1-1: Fly out, F8 (Flyball, 8RM)
|
Top of the 1st over - 0 run(s), 1 hit(s), 0 error(s), 1 left on base; Asheville 0 - Myrtle Beach 0 |
BOTTOM OF THE 1ST |
Myrtle Beach Mermen batting - Pitching for Asheville Highlanders : RHP Santiago Paez
|
Pitching: RHP Santiago Paez
|
|
Batting: LHB Juan Villanueva
|
0-0: Ball Reached via error on a dropped throw, E1
|
Batting: RHB Sal Haynes
|
0-0: Ball 1-0: Called Strike 1-1: Fly out, F3 (Popup, 23F)
|
Batting: LHB Naohiro Sakai
|
0-0: Called Strike 0-1: Ball 1-1: Ball 2-1: Grounds out, U3 (Groundball, 3L)
|
Batting: RHB Jorge Baker
|
0-0: Called Strike 0-1: Ball 1-1: Foul Ball, location: 2F 1-2: Ball 2-2: DOUBLE (Line Drive, 89M) Juan Villanueva scores
|
Batting: RHB Scott Zijm
|
0-0: Called Strike 0-1: Ball 1-1: SINGLE (Line Drive, 8RS) Jorge Baker to third Runner from 3rd tries for Home, SAFE, throw made home Scott Zijm to second
|
Batting: RHB Sancho Romero
|
0-0: Ball 1-0: SINGLE (Line Drive, 7LS) Scott Zijm to third Runner from 3rd tries for Home, SAFE, no throw or cutoff
|
Batting: RHB António Guzmán
|
0-0: Called Strike 0-1: Ball 1-1: Foul Ball, location: 2F 1-2: DOUBLE (Groundball, 3L) Sancho Romero to third
|
Pitching: LHP Carlos Alou
|
|
Batting: RHB Ben Kennerly
|
0-0: SINGLE (Groundball, 4MD) Sancho Romero scores António Guzmán to third Runner from 3rd tries for Home, SAFE, throw made home Ben Kennerly to second
|
Batting: LHB Ferris Minor
|
0-0: Foul Ball, location: 2F 0-1: Ball 1-1: Fly out, F9 (Flyball, 89M)
|
Bottom of the 1st over - 5 run(s), 5 hit(s), 1 error(s), 1 left on base; Asheville 0 - Myrtle Beach 5 |
TOP OF THE 2ND |
Asheville Highlanders batting - Pitching for Myrtle Beach Mermen : RHP Jorge Vázquez
|
Batting: RHB Armando González
|
0-0: Called Strike 0-1: Ball 1-1: Ball 2-1: SINGLE (Groundball, 6MD)
|
Batting: SHB Gonzalo Valentín
|
0-0: Ball 1-0: Called Strike 1-1: Ground out 3-1 (Groundball, 34S) Armando González to second
|
Batting: RHB Jan Gosselin
|
0-0: Called Strike 0-1: Swinging Strike 0-2: Ball 1-2: Strikes out looking
|
Batting: RHB Víctor López
|
0-0: Ball 1-0: Foul Ball, location: 2F 1-1: Ball 2-1: Foul Ball, location: 2F 2-2: Foul Ball, location: 2F 2-2: Strikes out swinging
|
Top of the 2nd over - 0 run(s), 1 hit(s), 0 error(s), 1 left on base; Asheville 0 - Myrtle Beach 5 |
BOTTOM OF THE 2ND |
Myrtle Beach Mermen batting - Pitching for Asheville Highlanders : LHP Carlos Alou
|
Batting: LHB Juan Villanueva
|
0-0: DOUBLE (Groundball, 5L)
|
Batting: RHB Sal Haynes
|
0-0: Ball 1-0: Ball 2-0: Foul Ball, location: 2F 2-1: Foul Ball, location: 2F 2-2: Ball 3-2: SINGLE (Groundball, 56D) Juan Villanueva to third
|
Batting: LHB Naohiro Sakai
|
0-0: Ball 1-0: Ball 2-0: Reached on error, E3 (Groundball, 3) Juan Villanueva scores Sal Haynes to second
|
Batting: RHB Jorge Baker
|
0-0: Ball 1-0: Ball 2-0: Ball 3-0: Called Strike 3-1: Base on Balls Sal Haynes to third Naohiro Sakai to second
|
Batting: RHB Scott Zijm
|
0-0: Swinging Strike 0-1: Foul Ball, location: 2F 0-2: Ball 1-2: Foul Ball, location: 2F 1-2: Ball 2-2: Ball 3-2: Fly out, F9 (Line Drive, 9D) Runner from 3rd tags up, SCORES, no throw Naohiro Sakai to third
|
Batting: RHB Sancho Romero
|
0-0: DOUBLE (Groundball, 5L) Naohiro Sakai scores Jorge Baker to third
|
Pitching: RHP Bill Gentry
|
|
Batting: RHB António Guzmán
|
0-0: Foul Ball, location: 2F 0-1: Called Strike 0-2: Ball 1-2: Ball 2-2: DOUBLE (Line Drive, 89D) Jorge Baker scores Sancho Romero scores
|
Batting: RHB Ben Kennerly
|
0-0: Ball 1-0: Ball 2-0: Foul Ball, location: 2F 2-1: Ground out 6-3 (Groundball, 56)
|
Batting: LHB Ferris Minor
|
0-0: Called Strike 0-1: SINGLE (Flyball, 89S) António Guzmán to third Runner from 3rd tries for Home, SAFE, no throw or cutoff
|
Batting: LHB Juan Villanueva
|
0-0: Called Strike Ferris Minor steals 2nd base 0-1: Reached on error, E6 (Groundball, 6) Ferris Minor to third
|
Pitching: RHP Tom Hernández
|
|
Batting: RHB Sal Haynes
|
0-0: Fly out, F9 (Flyball, 89D)
|
Bottom of the 2nd over - 6 run(s), 5 hit(s), 2 error(s), 2 left on base; Asheville 0 - Myrtle Beach 11 |
TOP OF THE 3RD |
Asheville Highlanders batting - Pitching for Myrtle Beach Mermen : RHP Jorge Vázquez
|
Batting: RHB José Rivera
|
0-0: Called Strike 0-1: SINGLE (Line Drive, 78S)
|
Batting: RHB Juan Jose Ayala
|
0-0: Ball 1-0: Called Strike 1-1: Ball 2-1: Ball 3-1: Swinging Strike 3-2: Foul Ball, location: 2F 3-2: Foul Ball, location: 2F 3-2: SINGLE (Line Drive, 6) José Rivera to second
|
Batting: LHB Víctor Robledo
|
0-0: Called Strike 0-1: Fly out, F5 (Popup, 5F)
|
Batting: RHB Bryce Bancroft
|
0-0: Called Strike 0-1: Fly out, F9 (Flyball, 89D) Runner from 2nd tags up, SAFE at 3rd with throw
|
Batting: RHB Marcos Calderón
|
0-0: Ground out 5-3 (Groundball, 5)
|
Top of the 3rd over - 0 run(s), 2 hit(s), 0 error(s), 2 left on base; Asheville 0 - Myrtle Beach 11 |
BOTTOM OF THE 3RD |
Myrtle Beach Mermen batting - Pitching for Asheville Highlanders : RHP Tom Hernández
|
Batting: LHB Naohiro Sakai
|
0-0: Swinging Strike 0-1: Ball 1-1: Ground out 3-1 (Groundball, 34)
|
Batting: RHB Jorge Baker
|
0-0: Ball 1-0: Ball 2-0: Called Strike 2-1: Ball 3-1: Called Strike 3-2: Foul Ball, location: 2F 3-2: Strikes out swinging
|
Batting: RHB Scott Zijm
|
0-0: Ball 1-0: Ball 2-0: Foul Ball, location: 2F 2-1: Ball 3-1: Foul Ball, location: 2F 3-2: Reached on error, E4 (Groundball, 4M)
|
Batting: RHB Sancho Romero
|
0-0: Ball 1-0: Ball 2-0: Ball 3-0: Called Strike 3-1: SINGLE (Line Drive, 8LS) Scott Zijm to third
|
Batting: RHB António Guzmán
|
0-0: Called Strike 0-1: Ball 1-1: Ball 2-1: Foul Ball, location: 2F 2-2: Foul Ball, location: 2F 2-2: Foul Ball, location: 2F 2-2: Ball 3-2: Fly out, F8 (Flyball, 8LM)
|
Bottom of the 3rd over - 0 run(s), 1 hit(s), 1 error(s), 2 left on base; Asheville 0 - Myrtle Beach 11 |
TOP OF THE 4TH |
Asheville Highlanders batting - Pitching for Myrtle Beach Mermen : RHP Jorge Vázquez
|
Batting: RHB Armando González
|
0-0: Called Strike 0-1: Foul Ball, location: 2F 0-2: Foul Ball, location: 2F 0-2: Ball 1-2: Ball 2-2: Ground out 6-3 (Groundball, 6)
|
Batting: SHB Gonzalo Valentín
|
0-0: Foul Ball, location: 2F 0-1: SINGLE (Groundball, 13) (infield hit)
|
Batting: RHB Jan Gosselin
|
0-0: Foul Ball, location: 2F 0-1: Called Strike 0-2: Fly out, F9 (Line Drive, 89M)
|
Batting: RHB Víctor López
|
0-0: Ball 1-0: Swinging Strike 1-1: Ball 2-1: Ball 3-1: Base on Balls Gonzalo Valentín to second
|
Batting: RHB José Rivera
|
0-0: Fly out, F6 (Line Drive, 6M)
|
Top of the 4th over - 0 run(s), 1 hit(s), 0 error(s), 2 left on base; Asheville 0 - Myrtle Beach 11 |
BOTTOM OF THE 4TH |
Myrtle Beach Mermen batting - Pitching for Asheville Highlanders : RHP Tom Hernández
|
Batting: RHB Ben Kennerly
|
0-0: Called Strike 0-1: Ball 1-1: Swinging Strike 1-2: Foul Ball, location: 2F 1-2: Foul Ball, location: 2F 1-2: Foul Ball, location: 2F 1-2: Foul Ball, location: 2F 1-2: Ball 2-2: Ball 3-2: Ground out 6-3 (Groundball, 6)
|
Batting: LHB Ferris Minor
|
0-0: Called Strike 0-1: Swinging Strike 0-2: SINGLE (Groundball, 34) (infield hit)
|
Batting: LHB Juan Villanueva
|
0-0: Ball 1-0: Called Strike Passed Ball! Ferris Minor to second 1-1: Swinging Strike 1-2: Strikes out swinging
|
Batting: RHB Sal Haynes
|
0-0: Called Strike 0-1: Foul Ball, location: 2F 0-2: Foul Ball, location: 2F 0-2: Ground out 6-3 (Groundball, 6)
|
Bottom of the 4th over - 0 run(s), 1 hit(s), 0 error(s), 1 left on base; Asheville 0 - Myrtle Beach 11 |
TOP OF THE 5TH |
Asheville Highlanders batting - Pitching for Myrtle Beach Mermen : RHP Jorge Vázquez
|
Batting: RHB Juan Jose Ayala
|
0-0: SINGLE (Line Drive, 6MD)
|
Batting: LHB Víctor Robledo
|
0-0: Ball 1-0: Fly out, F8 (Flyball, 89M)
|
Batting: RHB Bryce Bancroft
|
0-0: Called Strike 0-1: Ball 1-1: DOUBLE (Line Drive, 7LD) Juan Jose Ayala to third Runner from 3rd tries for Home, SAFE, no throw or cutoff
|
Batting: RHB Marcos Calderón
|
0-0: Called Strike 0-1: Ball 1-1: Called Strike 1-2: Foul Ball, location: 2F 1-2: Ball 2-2: Ball 3-2: Foul Ball, location: 2F 3-2: Foul Ball, location: 2F 3-2: Base on Balls
|
Batting: RHB Armando González
|
0-0: Called Strike 0-1: Ball 1-1: Called Strike 1-2: Ball 2-2: SINGLE (Groundball, 6MD) Bryce Bancroft to third Marcos Calderón to second
|
Batting: SHB Gonzalo Valentín
|
0-0: Called Strike 0-1: Ball 1-1: Foul Ball, location: 2F 1-2: SINGLE (Groundball, 6MD) Bryce Bancroft scores Marcos Calderón to third Armando González to second Runner from 3rd tries for Home, SAFE, no throw or cutoff
|
Batting: RHB Jan Gosselin
|
0-0: Foul Ball, location: 2F 0-1: Foul Ball, location: 2F 0-2: Ball 1-2: Foul Ball, location: 2F 1-2: Ball 2-2: Foul Ball, location: 2F 2-2: Ball 3-2: Foul Ball, location: 2F 3-2: DOUBLE (Flyball, 78M) Armando González scores Gonzalo Valentín to third
|
Batting: RHB Víctor López
|
0-0: Ground out 5-3 (Groundball, 56) Gonzalo Valentín scores
|
Batting: RHB José Rivera
|
0-0: Ball 1-0: Ball 2-0: Foul Ball, location: 2F 2-1: SINGLE (Flyball, 7S) Jan Gosselin to third Runner from 3rd tries for Home, SAFE, no throw or cutoff
|
Pitching: RHP Leonard Hall
|
|
Batting: RHB Juan Jose Ayala
|
0-0: Ground out 6-3 (Groundball, 6)
|
Top of the 5th over - 6 run(s), 6 hit(s), 0 error(s), 1 left on base; Asheville 6 - Myrtle Beach 11 |
BOTTOM OF THE 5TH |
Myrtle Beach Mermen batting - Pitching for Asheville Highlanders : RHP Tom Hernández
|
Batting: LHB Naohiro Sakai
|
0-0: Foul Ball, location: 2F 0-1: Swinging Strike 0-2: Ball 1-2: Ball 2-2: Strikes out swinging
|
Batting: RHB Jorge Baker
|
0-0: Ball 1-0: Ball 2-0: Ball 3-0: Foul Ball, location: 2F 3-1: Called Strike 3-2: Foul Ball, location: 2F 3-2: Base on Balls
|
Batting: RHB Scott Zijm
|
0-0: Ball 1-0: Called Strike 1-1: Ball 2-1: Ball 3-1: Foul Ball, location: 2F 3-2: Base on Balls Jorge Baker to second
|
Pitching: LHP Joaquín Ramírez
|
|
Batting: RHB Sancho Romero
|
0-0: Foul Ball, location: 2F 0-1: Called Strike 0-2: Ball 1-2: Foul Ball, location: 2F 1-2: Strikes out looking
|
Batting: RHB António Guzmán
|
0-0: Swinging Strike 0-1: Ball 1-1: Ball 2-1: Foul Ball, location: 2F 2-2: Ball 3-2: Foul Ball, location: 2F 3-2: Fly out, F9 (Flyball, 89D)
|
Bottom of the 5th over - 0 run(s), 0 hit(s), 0 error(s), 2 left on base; Asheville 6 - Myrtle Beach 11 |
TOP OF THE 6TH |
Asheville Highlanders batting - Pitching for Myrtle Beach Mermen : RHP Leonard Hall
|
Batting: LHB Víctor Robledo
|
0-0: TRIPLE (Line Drive, 9LS)
|
Batting: RHB Bryce Bancroft
|
0-0: Ball 1-0: Ball 2-0: Swinging Strike 2-1: Called Strike 2-2: Strikes out looking
|
Batting: RHB Marcos Calderón
|
0-0: Foul Ball, location: 2F 0-1: Ball 1-1: Foul Ball, location: 2F 1-2: Foul Ball, location: 2F 1-2: Ball 2-2: Ball 3-2: Base on Balls
|
Batting: RHB Armando González
|
0-0: Called Strike 0-1: Fly out, F5 (Line Drive, 5L)
|
Batting: SHB Gonzalo Valentín
|
0-0: Ball 1-0: Ball 2-0: Foul Ball, location: 2F 2-1: SINGLE (Line Drive, 7S) Víctor Robledo scores Marcos Calderón to second
|
Batting: RHB Jan Gosselin
|
0-0: Ball 1-0: Foul Ball, location: 2F 1-1: Fly out, F8 (Line Drive, 8LS)
|
Top of the 6th over - 1 run(s), 2 hit(s), 0 error(s), 2 left on base; Asheville 7 - Myrtle Beach 11 |
BOTTOM OF THE 6TH |
Myrtle Beach Mermen batting - Pitching for Asheville Highlanders : LHP Joaquín Ramírez
|
Batting: RHB Ben Kennerly
|
0-0: SOLO HOME RUN (Flyball, 7D), Distance : 372 ft
|
Batting: LHB Ferris Minor
|
0-0: Called Strike 0-1: Swinging Strike 0-2: Ball 1-2: Ball 2-2: Ball 3-2: Foul Ball, location: 2F 3-2: Foul Ball, location: 2F 3-2: Foul Ball, location: 2F 3-2: Base on Balls
|
Batting: LHB Juan Villanueva
|
0-0: Bunted foul 0-1: Bunted foul 0-2: Ball 1-2: Fielders Choice at 2nd, 5-4 (Groundball, 56)
|
Batting: RHB Sal Haynes
|
0-0: Called Strike Balk! Juan Villanueva to second 0-1: Ball 1-1: Called Strike 1-2: Strikes out swinging
|
Batting: LHB Naohiro Sakai
|
0-0: Fly out, F8 (Flyball, 8RM)
|
Bottom of the 6th over - 1 run(s), 1 hit(s), 0 error(s), 1 left on base; Asheville 7 - Myrtle Beach 12 |
TOP OF THE 7TH |
Asheville Highlanders batting - Pitching for Myrtle Beach Mermen : RHP Leonard Hall
|
Batting: RHB Víctor López
|
0-0: Ball 1-0: Called Strike 1-1: Called Strike 1-2: Ball 2-2: Ground out U3 (Groundball, 3S)
|
Batting: RHB José Rivera
|
0-0: Called Strike 0-1: SOLO HOME RUN (Flyball, 7D), Distance : 360 ft
|
Batting: RHB Juan Jose Ayala
|
0-0: Called Strike 0-1: DOUBLE (Flyball, 9LS)
|
Batting: LHB Víctor Robledo
|
0-0: Called Strike Juan Jose Ayala steals 3rd base 0-1: DOUBLE (Flyball, 9LD) Juan Jose Ayala scores
|
Pitching: RHP Carl O'Malloy
|
|
Batting: RHB Bryce Bancroft
|
0-0: Called Strike 0-1: Ball 1-1: Ball 2-1: Swinging Strike 2-2: Ground out 5-3 (Groundball, 5)
|
Batting: RHB Marcos Calderón
|
0-0: Ground out 5-3 (Groundball, 5)
|
Top of the 7th over - 2 run(s), 3 hit(s), 0 error(s), 1 left on base; Asheville 9 - Myrtle Beach 12 |
BOTTOM OF THE 7TH |
Myrtle Beach Mermen batting - Pitching for Asheville Highlanders : LHP Joaquín Ramírez
|
Batting: RHB Jorge Baker
|
0-0: Called Strike 0-1: Ball 1-1: Ball 2-1: Ball 3-1: Base on Balls
|
Batting: RHB Scott Zijm
|
0-0: Called Strike 0-1: Foul Ball, location: 2F 0-2: Foul Ball, location: 2F 0-2: Foul Ball, location: 2F 0-2: Ball 1-2: Ball 2-2: SINGLE (Line Drive, 56D) Jorge Baker to second
|
Pitching: RHP Octávio Ayaly
|
|
Batting: RHB Sancho Romero
|
0-0: Sac Bunt - play at first, batter OUT! 1-3 Jorge Baker to third Scott Zijm to second
|
Batting: RHB António Guzmán
|
0-0: Intentional Walk
|
Pinch Hitting: RHB Javier Robles
|
0-0: Called Strike 0-1: DOUBLE (Flyball, 9M) Jorge Baker scores Scott Zijm scores António Guzmán to third
|
Batting: LHB Ferris Minor
|
0-0: Ball 1-0: Swinging Strike 1-1: Called Strike 1-2: Strikes out swinging
|
Batting: LHB Juan Villanueva
|
0-0: Swinging Strike 0-1: SINGLE (Groundball, 4MD) António Guzmán scores Javier Robles to third Runner from 3rd tries for Home, SAFE, no throw or cutoff
|
Pitching: RHP Henry Wheeler
|
|
Batting: RHB Sal Haynes
|
0-0: Foul Ball, location: 2F 0-1: Hit by Pitch Juan Villanueva to second
|
Batting: LHB Naohiro Sakai
|
0-0: Called Strike 0-1: Ground out 4-3 (Groundball, 4)
|
Bottom of the 7th over - 4 run(s), 3 hit(s), 0 error(s), 2 left on base; Asheville 9 - Myrtle Beach 16 |
TOP OF THE 8TH |
Asheville Highlanders batting - Pitching for Myrtle Beach Mermen : RHP Carl O'Malloy
|
Now at 3B: Javier Robles
|
|
Batting: RHB Armando González
|
0-0: Foul Ball, location: 2F 0-1: Foul Ball, location: 2F 0-2: Ball 1-2: Fly out, F5 (Line Drive, 56)
|
Batting: SHB Gonzalo Valentín
|
0-0: Called Strike 0-1: Ball 1-1: Ball 2-1: Swinging Strike 2-2: Strikes out looking
|
Batting: RHB Jan Gosselin
|
0-0: Fly out, F8 (Flyball, 8RM)
|
Top of the 8th over - 0 run(s), 0 hit(s), 0 error(s), 0 left on base; Asheville 9 - Myrtle Beach 16 |
BOTTOM OF THE 8TH |
Myrtle Beach Mermen batting - Pitching for Asheville Highlanders : RHP Henry Wheeler
|
Batting: RHB Jorge Baker
|
0-0: Ball 1-0: Called Strike 1-1: Ball 2-1: SINGLE (Line Drive, 7S)
|
Batting: RHB Scott Zijm
|
0-0: Ball 1-0: SINGLE (Line Drive, 7LS) Jorge Baker to second
|
Batting: RHB Sancho Romero
|
0-0: Sac Bunt - play at first, batter OUT! 1-3 Jorge Baker to third Scott Zijm to second
|
Batting: RHB António Guzmán
|
0-0: Ball 1-0: Ground out 5-3 (Groundball, 56S) Jorge Baker scores Scott Zijm to third
|
Batting: RHB Javier Robles
|
0-0: Fly out, F6 (Line Drive, 6M)
|
Bottom of the 8th over - 1 run(s), 2 hit(s), 0 error(s), 1 left on base; Asheville 9 - Myrtle Beach 17 |
TOP OF THE 9TH |
Asheville Highlanders batting - Pitching for Myrtle Beach Mermen : RHP Carl O'Malloy
|
Now at C: David Vázquez
|
|
Now in CF: Jorge Reyes
|
|
Batting: RHB Víctor López
|
0-0: Called Strike 0-1: Fly out, F9 (Flyball, 9D)
|
Batting: RHB José Rivera
|
0-0: Called Strike 0-1: Ball 1-1: Ball 2-1: Ground out 5-3 (Groundball, 5S)
|
Batting: RHB Juan Jose Ayala
|
0-0: Called Strike 0-1: Fly out, F8 (Flyball, 8LM)
|
Top of the 9th over - 0 run(s), 0 hit(s), 0 error(s), 0 left on base; Asheville 9 - Myrtle Beach 17 |
|